 Dungeon Crawl Stone Soup version 0.29-a0-234-g0dae59b3db (webtiles) character file.

Game seed: 12208148458470045365

5 sanka the Conjurer (level 1, 13/13 HPs)
             Began as a Gnoll Conjurer on Mar 2, 2022.
             Quit the game on level 1 of the Dungeon.
             The game lasted 00:00:22 (161 turns).

sanka the Conjurer (Gnoll Conjurer)                  Turns: 161, Time: 00:00:22

Health: 13/13      AC:  2    Str:  6    XL:     1   Next: 80%
Magic:  4/6        EV: 13    Int: 17    God:
Gold:   0          SH:  0    Dex: 10    Spells: 8/9 levels left

rFire   . . .      SeeInvis .   (no weapon)
rCold   . . .      Faith    .   (no shield)
rNeg    . . .      Spirit   .   a - +0 robe
rPois   .          Reflect  .   (no helmet)
rElec   .          Harm     .   (no cloak)
rCorr   .          Rampage  .   (no gloves)
Will    .....                   (no boots)
Stlth   ++........              (no amulet)
HPRegen 0.04/turn               (no ring)
MPRegen 0.10/turn               (no ring)

@: no status effects
A: fangs 1, strong nose, distributed training
a: no special abilities


You were on level 1 of the Dungeon.
You visited 1 branch of the dungeon, and saw 1 of its levels.


Innate Abilities, Weirdness & Mutations

You have very sharp teeth.
Your uncanny sense of smell can sniff out nearby items.
Your experience applies equally to all skills.


   Skills:
 + Level 0.1 Fighting
 + Level 0.1 Short Blades
 + Level 0.1 Long Blades
 + Level 0.1 Axes
 + Level 0.1 Maces & Flails
 + Level 0.1 Polearms
 + Level 0.1 Staves
 + Level 0.1 Slings
 + Level 0.1 Bows
 + Level 0.1 Crossbows
 + Level 0.1 Throwing
 + Level 0.1 Armour
 + Level 4.4 Dodging
 + Level 4.0 Stealth
 + Level 0.1 Shields
 + Level 0.1 Unarmed Combat
 + Level 4.9 Spellcasting
 + Level 7.0 Conjurations
 + Level 0.1 Hexes
 + Level 0.1 Summonings
 + Level 0.1 Necromancy
 + Level 0.1 Translocations
 + Level 0.1 Transmutations
 + Level 0.1 Fire Magic
 + Level 0.1 Ice Magic
 + Level 0.1 Air Magic
 + Level 0.1 Earth Magic
 + Level 0.1 Poison Magic
 + Level 0.2 Invocations
 + Level 0.1 Evocations


You had 8 spell levels left.
You knew the following spells:

 Your Spells              Type           Power      Damage    Failure   Level
z - Magic Dart            Conj           100%       1d8       1%          1

Your spell library contained the following spells:

 Spells                   Type           Power      Damage    Failure   Level
 Searing Ray              Conj           56%        2d6       1%          2
 Dazzling Flash           Conj/Hex       32%        N/A       10%         3
 Fulminant Prism          Conj/Hex       8%         3d7       32%         4
 Iskenderun's Mystic Bla  Conj/Tloc      16%        2d5       32%         4

Inventory:

Armour
 a - a +0 robe (worn)
Scrolls
 b - a scroll of holy word {unknown}
 c - a scroll of vulnerability {unknown}
 d - a scroll of amnesia {unknown}

Dungeon Overview and Level Annotations

Branches:
Dungeon (1/15)

Altars:

▒....▒..▒▒▒▒.▒
▒....▒▒▒▒.▒
▒▒^..▒▒▒...▒
▒........▒▒▒ ▒........▒
▒▒▒........▒
▒..........▒▒▒▒▒▒
▒.........▒.....▒▒
▒.▒▒........g....▒
▒.▒..▒.▒▒.........▒
▒▒▒▒▒.▒.▒▒.▒▒.........▒
).......▒▒.▒▒.........▒
.....................>▒
.▒▒▒▒.▒▒▒▒.▒▒.........▒
...▒..▒ ▒.▒▒▒.......▒▒
▒▒.▒.▒▒ ... .......!.
▒...▒ ...▒ ..


There were no monsters in sight!


Message History

The magic dart hits the rat!
You kill the rat!
You can't see any susceptible monsters within range! (Use Z to cast anyway.)
You start resting.
Magic restored.
Found a scroll labelled GYOMNI CUV DOR.
A ball python comes into view.
Found a scroll labelled OFETWI OSOMM.
The magic dart hits the ball python.
The ball python is severely wounded.
The magic dart hits the ball python!
You kill the ball python!
You can't see any susceptible monsters within range! (Use Z to cast anyway.)
You start resting.
Magic restored.
b - a scroll labelled OFETWI OSOMM
Found a scroll labelled BAIS UXTYVIBRA.
c - a scroll labelled GYOMNI CUV DOR
d - a scroll labelled BAIS UXTYVIBRA
Found a stone staircase leading down.
There is a stone staircase leading down here.
Found a stone staircase leading down.
An endoplasm comes into view.
Found a bubbling coppery potion.
The magic dart hits the endoplasm but does no damage.
The endoplasm quivers.
The magic dart hits the endoplasm.
You kill the endoplasm!
You can't see any susceptible monsters within range! (Use Z to cast anyway.) Are you sure you want to abandon this character and quit the game? (Confirm with "yes".)

Action                   || total
-------------------------++-------
 Cast: Magic Dart        ||    10

Levels and vault maps discovered:
D:1:      amcnicky_arrival_double_pillar, layout_rooms

Notes
Turn   | Place    | Note
-------+----------+-------------------------------------------
     0 | D:1      | sanka the Gnoll Conjurer began the quest for the Orb.
     0 | D:1      | Reached XP level 1. HP: 13/13 MP: 6/6
   161 | D:1      | Quit the game

Vanquished Creatures
  A ball python (D:1)
  An endoplasm (D:1)
  A quokka (D:1)
  A kobold (D:1)
  A rat (D:1)
5 creatures vanquished.
